 Dungeon Crawl Stone Soup version 0.21-a0-508-gf08a75f (webtiles) character file.

452 slep the Poker (level 6, 0/72 HPs)
             Began as a Demonspawn Fighter on Nov 29, 2017.
             Succumbed to a worker ant's poison
             ... on level 5 of the Dungeon.
             The game lasted 00:13:02 (3410 turns).

slep the Poker (Demonspawn Fighter)                 Turns: 3410, Time: 00:13:02

Health: 0/72       AC: 23    Str: 15 (18) XL:     6   Next: 75%
Magic:  6/6        EV:  2    Int:  7 (9)  God:
Gold:   167        SH:  9    Dex: 12 (13) Spells: 4/5 levels left

rFire    . . .     SeeInvis .   a - +1 spear (venom)
rCold    . . .     Gourm    .   c - +0 shield
rNeg     + + +     Faith    .   (armour currently unavailable)
rPois    +         Spirit   .   (helmet currently unavailable)
rElec    .         Reflect  .   (cloak currently unavailable)
rCorr    .         Harm     .   (gloves currently unavailable)
MR       .....     NoTele   +   (boots currently unavailable)
Stlth    ++........             (no amulet)
HPRegen  0.22/turn              (no ring)
MPRegen  0.10/turn              (no ring)

@: lethally poisoned (0 -> -16), tree-form
A: demonic guardian 1, powered by pain 1
a: no special abilities


You were on level 5 of the Dungeon.
You were very hungry.
You were a tree.
You visited 1 branch of the dungeon, and saw 5 of its levels.

You collected 167 gold pieces.

Inventory:

Hand Weapons
 a - a +1 spear of venom (weapon)
 q - a +0 trident
Missiles
 u - 28 poisoned needles
 B - 3 needles of confusion
Armour
 b - a +0 scale mail (melded)
 c - a +0 shield (worn)
 v - a +0 pair of gloves (melded)
 w - a +0 cloak (melded)
Magical Staves
 r - an uncursed staff of death
Wands
 p - a wand of paralysis (6)
 y - a wand of enslavement (16)
 A - a wand of disintegration (18)
Scrolls
 h - 4 scrolls of immolation {unknown}
 i - a scroll of fear {unknown}
 j - 7 scrolls of identify {unknown}
 l - 2 scrolls of amnesia {unknown}
 n - 3 scrolls of teleportation {unknown}
 o - a scroll of remove curse {unknown}
 s - a scroll of blinking {unknown}
 t - a scroll of enchant armour {unknown}
 C - a scroll of fog {unknown}
Potions
 d - 2 potions of might
 e - a potion of flight
 D - a potion of curing {unknown}
Books
 x - a book of Cantrips

   Spells                             Type                      Level
   a - Confusing Touch                Hexes                        1
   b - Animate Skeleton               Necromancy                   1
   c - Summon Small Mammal            Summoning                    1
   d - Apportation                    Translocation                1
Comestibles
 f - 2 bread rations
 g - 2 royal jellies
 m - 5 meat rations


   Skills:
 + Level 3.7 Fighting
 + Level 4.1 Polearms
 + Level 4.0 Armour
 + Level 1.1 Dodging
 + Level 1.1 Stealth
 + Level 4.1 Shields


You had 4 spell levels left.
You knew the following spells:

 Your Spells              Type           Power        Failure   Level  Hunger
a - Apportation           Tloc           #.....       88%         1    ##.....


Dungeon Overview and Level Annotations

Branches:
Dungeon (5/15)
 Temple: D:4-7

Altars:
Nemelex Xobeh
Trog
Uskayaw
Yredelemnul


Innate Abilities, Weirdness & Mutations

((You have large cloven feet.))
((You are partially covered in large bone plates. (SH +4)))
A weak demonic guardian rushes to your aid.
You sometimes gain a little power by taking damage.


Message History

It was a potion of lignification.
You turn into a tree.
Your +0 cloak melds into your body.
Your +0 pair of gloves melds into your body.
Your +0 scale mail melds into your body.
Your roots penetrate the ground.
* * * LOW HITPOINT WARNING * * *
You feel sick.
The orc wizard hits you but does no damage.
Your iron imp barely misses the orc wizard.
The orc wizard barely misses you.
Your shadow imp hits the orc wizard.
You hit the orc wizard.
The orc wizard looks even sicker.
The orc wizard is severely wounded.
* * * LOW HITPOINT WARNING * * *
You feel sick.
You kill the orc wizard!
Your Shields skill increases to level 4!
It was a potion of degeneration.
There was something very wrong with that liquid.
You feel weakened.
You feel dopey.
You feel clumsy.
You die...

#...#...............
###.#................. #
...#.................
#.###...........[.......
#...... ##....$........
.......###.........8#8.
................)..#?#
...#####........[..8#8.#
#######.........♣5)....$#
#####...........)5$.....#
........>...............#
#.........##.............
...###...####..........##
.......### #......#####
.........) .......#
......#### ##......#
......#


You could see a friendly iron imp and a friendly shadow imp.

Vanquished Creatures
  A hound (D:4)
  2 orc priests (D:3)
  Terence (D:3)
  3 orc wizards
  A worker ant (D:5)
  8 adders
  3 gnolls (D:3)
  An adder zombie (D:4)
  2 worms (D:2)
  2 leopard geckos
  13 orcs
  2 bats (D:3)
  3 giant cockroaches
  2 gnoll zombies (D:4)
  9 goblins
  4 hobgoblins (D:1)
  6 kobolds
  A quokka (D:2)
  A ball python (D:1)
  A frilled lizard (D:2)
  A leopard gecko skeleton (D:5)
  A quokka skeleton (D:4)
  6 rats
  A plant (D:1)
75 creatures vanquished.

Vanquished Creatures (collateral kills)
  A hound (D:4)
  Ijyb (D:3)
  A worker ant (D:5)
  A goblin (D:3)
4 creatures vanquished.

Grand Total: 79 creatures vanquished

Notes
Turn   | Place    | Note
-------+----------+-------------------------------------------
     0 | D:1      | slep the Demonspawn Fighter began the quest for the Orb.
     0 | D:1      | Reached XP level 1. HP: 18/18 MP: 1/1
   341 | D:1      | Gained mutation: A weak demonic guardian rushes to your aid. [demonic ancestry]
   341 | D:1      | Reached XP level 2. HP: 24/24 MP: 2/2
   845 | D:2      | Gained mutation: You are partially covered in large bone plates. (SH +4) [demonic ancestry]
   845 | D:2      | Reached XP level 3. HP: 9/29 MP: 3/3
  1162 | D:3      | Noticed Ijyb
  1167 | D:3      | Paralysed by Ijyb for 7 turns
  1175 | D:3      | Killed Ijyb
  1285 | D:3      | Gained mutation: You have large cloven feet. [demonic ancestry]
  1285 | D:3      | Reached XP level 4. HP: 35/35 MP: 4/4
  1709 | D:3      | Gained mutation: You sometimes gain a little power by taking damage. [demonic ancestry]
  1709 | D:3      | Reached XP level 5. HP: 23/41 MP: 5/5
  1780 | D:3      | Noticed Terence
  1784 | D:3      | Killed Terence
  1814 | D:3      | Reached skill level 1 in Dodging
  2228 | D:3      | Found a sparkling altar of Nemelex Xobeh.
  2486 | D:4      | Found a bloodstained altar of Trog.
  2513 | D:4      | Found a hide-covered altar of Uskayaw.
  2652 | D:4      | Reached XP level 6. HP: 41/47 MP: 6/6
  2668 | D:4      | Learned a level 1 spell: Apportation
  2927 | D:4      | Reached skill level 1 in Stealth
  3038 | D:4      | Found a basalt altar of Yredelemnul.
  3334 | D:5      | Entered Level 5 of the Dungeon
  3408 | D:5      | HP: 3/72 [poisoned by a worker ant]
  3410 | D:5      | Succumbed to a worker ant's poison

Vault maps used:
D:1:      roderic_crop_circles_arrival_small
D:2:      first_bread
D:3:      nicolae_overflow_hidden_temple, uniq_terence, uniq_ijyb
D:4:      kennysheep_mini_moat, lemuel_zombie_altar_yredelemnul,
          nicolae_overflow_crystal_walls
D:5:      led_sif_book, fedhas_altar_2, minmay_statues_item

Skill      XL: |  1  2  3  4  5  6 |
---------------+-------------------+-----
Polearms       | 2 3 4 |  4.1
Armour         | 3 4 |  4.0
Shields        | 3 4 |  4.1
Dodging        | 1 |  1.1
Stealth        | 1 |  1.1
Fighting       | |  3.7

Action                   |  1- 3 |  4- 6 || total
-------------------------+-------+-------++-------
Melee: Trident           |   176 |    40 ||   216
       Kick              |       |    47 ||    47
       Spear             |       |   141 ||   141
  Use: Potion            |     2 |     2 ||     4
  Eat: Chunk             |     2 |     5 ||     7
Armor: Scale mail        |    56 |    43 ||    99
       Skin              |       |     1 ||     1
Dodge: Dodged            |    18 |    44 ||    62
Block: Shield            |    73 |   107 ||   180

Table legend:
 A = Spawn XP
 B = Non-spawn XP
 C = Spawn XP percentage of total XP
 D = Spawn monster count
 E = Non-spawn monster count
 F = Spawn count percentage of total count
 G = Total turns spent on level
                    A         B        C        D         E        F      G
               +---------+---------+-------+---------+---------+-------+---------
         Total |       0 |     647 |   0.0 |       0 |      78 |   0.0 |  3410
               +---------+---------+-------+---------+---------+-------+---------
           D:1 |       0 |      26 |   0.0 |       0 |      15 |   0.0 |   792
           D:2 |       0 |      39 |   0.0 |       0 |      13 |   0.0 |   370
           D:3 |       0 |     259 |   0.0 |       0 |      23 |   0.0 |  1249
           D:4 |       0 |     184 |   0.0 |       0 |      20 |   0.0 |   923
           D:5 |       0 |     139 |   0.0 |       0 |       7 |   0.0 |    76
               +---------+---------+-------+---------+---------+-------+---------
